 Dungeon Crawl Stone Soup version 0.25-a0-857-g60a0bcd8b5 (webtiles) character file.

Game seed: 16645199611379004932, levelgen mode: deterministic

2142 Esekla the Slasher (level 9, -8/59 HPs)
             Began as an Octopode Warper on Apr 26, 2020.
             Was a Priest of Qazlal.
             Mangled by a wyvern (18 damage)
             ... on level 8 of the Dungeon.
             The game lasted 00:57:32 (7723 turns).

Esekla the Slasher (Octopode Warper)                Turns: 7723, Time: 00:57:33

Health: -8/59      AC:  1    Str: 11    XL:     9   Next: 30%
Magic:  0/14       EV: 15    Int: 17    God:    Qazlal [***...]
Gold:   542        SH:  4    Dex: 12    Spells: 7/15 levels left

rFire    . . .     SeeInvis .   F - +7 dagger of Emyrinwi {drain, +Blink}
rCold    . . .     Gourm    .   (no shield)
rNeg     . . .     Faith    .   (helmet restricted)
rPois    .         Spirit   +   u - amulet of guardian spirit
rElec    .         Reflect  .   (no ring)
rCorr    .         Harm     .   (no ring)
MR       .....                  (no ring)
Stlth    ++........             (no ring)
HPRegen  0.19/turn              (no ring)
MPRegen  0.14/turn              (no ring)
                                (no ring)
                                (no ring)

@: studying Shields
A: almost no armour, stealthy swim, amphibious, 8 rings, constrict 8, camouflage
1, gelatinous body 1
a: Upheaval, Elemental Force, Renounce Religion, Evoke Blink


You were on level 8 of the Dungeon.
You worshipped Qazlal.
Qazlal was most pleased with you.
You were hungry.

You visited 2 branches of the dungeon, and saw 9 of its levels.

You collected 542 gold pieces.

Inventory:

Hand Weapons
 a - a +0 falchion
 D - a +0 trident
 F - the +7 dagger of Emyrinwi (weapon) {drain, +Blink}
   (You found it on level 7 of the Dungeon)

   A truly terrible weapon, it drains the life of those it strikes.
   It lets you blink.
Missiles
 d - 5 boomerangs of dispersal
 t - 6 poisoned darts
 v - 2 javelins (quivered)
Jewellery
 e - an uncursed amulet of the gourmand
 u - an amulet of guardian spirit (around mantle)
 w - an uncursed ring of fire
 y - an uncursed amulet of magic regeneration
 G - an uncursed ring of teleportation
Wands
 l - a wand of random effects (12)
 n - a wand of flame (34)
 q - a wand of disintegration (18)
Scrolls
 c - a scroll of blinking
 g - a scroll of amnesia {unknown}
 h - 3 scrolls of immolation {unknown}
 i - 2 scrolls of fog
 k - 2 scrolls of noise {unknown}
 m - 2 scrolls of remove curse
 p - 3 scrolls of teleportation
 r - a scroll of magic mapping {unknown}
 E - a scroll of silence {unknown}
 H - a scroll of identify
Potions
 b - a potion of brilliance
 j - 3 potions of resistance
 s - 2 potions of flight
 x - a potion of stabbing
 z - a potion of might
 B - 2 potions of lignification
 C - a potion of haste {unknown}
Books
 o - a manual of Shields
Comestibles
 f - 7 rations


   Skills:
 + Level 4.4 Fighting
 + Level 1.6(4.5) Short Blades
 * Level 6.7(6.8) Long Blades
 - Level 1.0 Throwing
 * Level 5.4 Dodging
 * Level 5.3 Shields
 * Level 3.8 Spellcasting
 + Level 2.7 Charms
 * Level 2.2 Summonings
 + Level 4.0 Translocations
 * Level 1.9 Air Magic


You had 7 spell levels left.
You knew the following spells:

 Your Spells              Type           Power        Failure   Level  Hunger
a - Shroud of Golubria    Chrm/Tloc      ##....       6%          2    ##.....
b - Blink                 Tloc           N/A          4%          2    ##.....
c - Summon Lightning Spi  Summ/Air       ##......     56%         4    ####...

Your spell library contained the following spells:

 Spells                   Type           Power        Failure   Level  Hunger
 Summon Small Mammal      Summ           ##..         6%          1    None
 Gell's Gravitas          Tloc           ###.......   9%          3    ###....
 Lesser Beckoning         Tloc           ###.......   9%          3    ###....
 Teleport Other           Tloc           ###.....     9%          3    ###....
 Call Imp                 Summ           ##......     10%         2    ##.....
 Call Canine Familiar     Summ           ##......     19%         3    ###....
 Summon Guardian Golem    Hex/Summ       #.......     30%         3    ###....
 Passage of Golubria      Tloc           N/A          30%         4    ####...
 Summon Ice Beast         Ice/Summ       #.......     69%         4    ####...


Dungeon Overview and Level Annotations

Branches:
Dungeon (8/15)             Temple (1/1) D:6
   Lair: D:8-11

Altars:
Ashenzari
Dithmenos
Fedhas
Gozag
Hepliaklqana
Makhleb
Nemelex Xobeh
Okawaru
Qazlal
Sif Muna
Uskayaw
Vehumet
Yredelemnul
Zin
The Shining One


Innate Abilities, Weirdness & Mutations

You cannot wear most types of armour.
You are very stealthy in the water. (Stealth+)
You are amphibious.
You can wear up to eight rings at the same time.
You can use your tentacles to constrict eight enemies at once.
Your skin changes colour to match your surroundings (Stealth+).
Your rubbery body absorbs attacks. (AC +1, EV +1)


Message History

The wyvern bites you!!
You closely miss the wyvern.
The wyvern is heavily wounded.
You feel sick. You block the wyvern's attack.
You hit the wyvern. You squeeze the wyvern.
The wyvern is severely wounded.
The wyvern bites you!
* * * LOW HITPOINT WARNING * * *
The wyvern misses you.
You feel sick. The wyvern bites you!
* * * LOW HITPOINT WARNING * * *
Casting: Shroud of Golubria (safe; 6% risk of failure)
Confirm with . or Enter, or press ? or * to list all spells.
You don't have enough magic to cast that spell.
You blink.
You feel slightly more hungry.
You feel better. You block the wyvern's attack.
You hit the wyvern. Your squeeze misses the wyvern.
The wyvern is almost dead.
The wyvern bites you!!
You die...

#.######..^# #...#
#..# ###.## #.#
#<.# #.# ##.## #.#
#†.# #.## #
###.#####..###.#...
#...[.○..#.......#
#...○@l............
#........####..####
#........# ..#
########## ..# .[#
.# .#


You could see a wyvern.

Vanquished Creatures
  2 wyverns (D:8)
  An orc warrior (D:8)
  An ice beast (D:7)
  A sky beast (D:5)
  A black bear (D:6)
  A phantom (D:7)
  3 centaurs
  Blork the orc (D:5)
  3 bullfrogs
  A scorpion (D:8)
  A killer bee (D:4)
  A bullfrog zombie (D:5)
  3 jellies (D:5)
  2 hounds
  2 orc priests
  A bullfrog skeleton (D:5)
  5 orc wizards
  2 iguanas
  5 worker ants
  A killer bee zombie (D:6)
  A hound skeleton (D:2)
  Robin (D:3)
  A worker ant zombie (D:5)
  2 shadow imps (D:5)
  2 oozes
  6 worms
  4 dart slugs
  5 leopard geckos
  24 orcs
  4 ball pythons
  7 giant cockroaches
  12 goblins
  13 hobgoblins
  3 jackals (D:1)
  3 quokkas
  11 bats
  7 frilled lizards
  13 kobolds
  A leopard gecko skeleton (D:5)
  A quokka zombie (D:5)
  6 rats
165 creatures vanquished.

Vanquished Creatures (collateral kills)
  An orc (D:8)
1 creature vanquished.

Grand Total: 166 creatures vanquished

Notes
Turn   | Place    | Note
-------+----------+-------------------------------------------
     0 | D:1      | Esekla the Octopode Warper began the quest for the Orb.
     0 | D:1      | Reached XP level 1. HP: 14/14 MP: 3/3
    22 | D:2      | Found a shadowy altar of Dithmenos.
    99 | D:4      | Found a glowing golden altar of the Shining One.
   200 | D:4      | Noticed a worker ant
   353 | D:3      | Noticed an orc wizard
   363 | D:4      | Reached XP level 2. HP: 6/19 MP: 5/5
   367 | D:4      | Learned a level 2 spell: Shroud of Golubria
   370 | D:4      | Learned a level 2 spell: Blink
   644 | D:5      | Entered Level 5 of the Dungeon
   660 | D:5      | Reached XP level 3. HP: 18/25 MP: 3/6
   745 | D:5      | Noticed a phantom
   767 | D:4      | Noticed a killer bee
   938 | D:5      | Reached XP level 4. HP: 28/30 MP: 4/7
  1010 | D:6      | Reached skill level 3 in Long Blades
  1042 | D:6      | Noticed a centaur
  1075 | D:4      | Reached skill level 1 in Shields
  1075 | D:4      | Reached skill level 1 in Charms
  1075 | D:4      | Reached XP level 5. HP: 30/35 MP: 5/8
  1423 | D:6      | Noticed a black bear
  1709 | D:6      | Killed a black bear
  1709 | D:6      | Reached XP level 6. HP: 39/42 MP: 0/9
  1836 | D:6      | Reached skill level 4 in Long Blades
  2100 | D:6      | Found a staircase to the Ecumenical Temple.
  2109 | Temple   | Entered the Ecumenical Temple
  2142 | Temple   | Became a worshipper of Qazlal Stormbringer
  2668 | D:2      | Reached XP level 7. HP: 46/46 MP: 11/11
  2792 | D:2      | Reached * piety under Qazlal
  2879 | D:2      | Found a shimmering blue altar of Sif Muna.
  2883 | D:2      | Found an iron altar of Okawaru.
  3206 | D:1      | Reached ** piety under Qazlal
  3859 | D:2      | Found a faded altar of an unknown god.
  4036 | D:3      | Noticed Robin
  4039 | D:3      | Killed Robin
  4569 | D:4      | Reached skill level 5 in Long Blades
  4775 | D:5      | Noticed Blork the orc
  5119 | D:5      | Reached XP level 8. HP: 28/54 MP: 4/12
  5402 | D:5      | Killed Blork the orc
  5743 | D:4      | Learned a level 4 spell: Summon Lightning Spire
  6454 | D:7      | Reached skill level 1 in Summonings
  6497 | D:7      | Reached *** piety under Qazlal
  6566 | D:7      | Reached skill level 6 in Long Blades
  6680 | D:7      | Got a pitted dagger
  6688 | D:7      | Identified the +7 dagger of Emyrinwi {drain, +Blink} (You
                  | found it on level 7 of the Dungeon)
  6759 | D:7      | Found a shattered altar of Ashenzari.
  6924 | D:7      | Reached skill level 1 in Air Magic
  7192 | D:7      | Reached skill level 5 in Dodging
  7333 | D:8      | Reached XP level 9. HP: 40/58 MP: 9/14
  7363 | D:8      | Reached skill level 1 in Short Blades
  7363 | D:8      | Reached skill level 5 in Shields
  7719 | D:8      | HP: 1/59 [wyvern (13)]
  7723 | D:8      | Mangled by a wyvern

Levels and vault maps discovered:
D:1:      dpeg_arrival_simpleton_b, layout_loops_cross, minmay_cupped
D:2:      wad_river_or_something, layout_basic, minitemple,
          grunt_dithmenos_smoke, chequers_ecumenical_altar_grove
D:3:      layout_loops_ring, uniq_robin
D:4:      layout_rooms, overflow_temple_1_default, first_ration,
          minmay_manual_mail
D:5:      layout_loops_ring, uniq_blork_the_orc
D:6:      layout_loops_ring, minmay_temple_entry_gardened_gates
D:7:      layout_loops_corners, evilmike_ruin_ashenzari,
          hangedman_abyss_or_decor_lesser_grid
D:8:      layout_rooms, lemuel_doored_altar, special_room [special_room_orc]
Temple:   regret_index_temple_generic_petals

Skill      XL: |  1  2  3  4  5  6  7  8  9 |
---------------+----------------------------+-----
Dodging        | 3 4 5 |  5.4
Long Blades    | 3 4 5 6 |  6.7
Shields        | 1 2 3 4 5 |  5.3
Charms         | 1 2 |  2.7
Fighting       | 3 4 |  4.4
Spellcasting   | 3 |  3.8
Summonings     | 1 2 |  2.2
Air Magic      | 1 |  1.9
Translocations | 4 |  4.0
Short Blades   | 1 |  1.6
Throwing       | |  1.0

Action                   |  1- 3 |  4- 6 |  7- 9 || total
-------------------------+-------+-------+-------++-------
Melee: Falchion          |    24 |    94 |   254 ||   372
       Constrict         |     8 |    24 |    87 ||   119
       Tentacles         |     2 |    29 |    70 ||   101
       Dagger            |       |       |    74 ||    74
Throw: Dart              |       |     3 |    11 ||    14
       Javelin           |       |       |     3 ||     3
 Cast: Shroud of Golubri |     3 |    13 |    24 ||    40
       Blink             |       |     3 |     2 ||     5
       Summon Lightning  |       |       |     1 ||     1
 Abil: Evoke Blink       |       |       |     1 ||     1
  Use: Scroll            |       |     7 |     7 ||    14
       Potion            |       |       |     5 ||     5
 Stab: Sleeping          |       |     7 |     2 ||     9
  Eat: Chunk             |       |     8 |     6 ||    14
       Ration            |       |       |     3 ||     3
Armor: Skin              |     3 |     4 |    21 ||    28
Dodge: Dodged            |    12 |    72 |   193 ||   277
Block: Other             |       |       |    33 ||    33
       Rpst.: Falchion   |     7 |    19 |    39 ||    65

Table legend:
 A = Non-vault XP
 B = Vault XP
 C = Vault XP percentage of total XP
 D = Non-vault monster count
 E = Vault monster count
 F = Vault count percentage of total count
                 A         B        C        D         E       F
            +---------+---------+-------+---------+---------+-------
      Total |    2810 |     251 |   8.2 |     141 |      25 |  15.1
            +---------+---------+-------+---------+---------+-------
        D:1 |      61 |       3 |   4.7 |      31 |       2 |   6.1
        D:2 |      71 |      21 |  22.8 |      28 |       8 |  22.2
        D:3 |     109 |      27 |  19.9 |      16 |       7 |  30.4
        D:4 |      87 |      96 |  52.5 |       7 |       2 |  22.2
        D:5 |     704 |      90 |  11.3 |      24 |       1 |   4.0
        D:6 |     470 |       0 |   0.0 |      11 |       0 |   0.0
        D:7 |     627 |       3 |   0.5 |      17 |       1 |   5.6
        D:8 |     681 |      11 |   1.6 |       7 |       4 |  36.4
            +---------+---------+-------+---------+---------+-------
